Cogmind - Beta 14 @@@ ROGUE MODE // 2025.01.08 @ 23:39:11 Player: ywiktor Result: Destroyed by G-47 Trooper with Particle Gun Performance ------------- Evolutions (1) 500 Regions Visited (4) 800 Robots Destroyed (32) 160 Value Destroyed (839) 839 Prototype IDs (3) 60 Alien Tech Used (0) 0 Bonus (0) 0 TOTAL SCORE: 2359 Bonus ------- None Cogmind --------- Core Integrity 0/400 Matter 290/300 Energy 83/125 System Corruption 5% Temperature Cool (30) Movement Walking (260) Ox2 Location -9/Mines Parts ------- > --- POWER (1) -------- Light Ion Engine > --- PROPULSION (3) --- Light Treads Aluminum Leg > --- UTILITY (3) ------ Heat Sink Large Storage Unit Structural Scanner > --- WEAPON (2) ------- EM Pulse Gun Pulse Rifle > --- INVENTORY (15) --- Improved Ion Engine Combat Airjet Combat Airjet Flight Unit Flight Unit Machine Analyzer Signal Interpreter Improved Terrain Scanner Terrain Scan Processor ECM Suite Hacking Suite Light Assault Rifle EMP Blaster Rocket Launcher Mining Claw Peak State ------------ > --- POWER ------------ Cooled Ion Engine > --- PROPULSION ------- Light Treads Light Treads Improved Aluminum Leg > --- UTILITY ---------- Large Storage Unit Sensor Array Light Armor Plating > --- WEAPON ----------- Beam Rifle Pulse Rifle > --- INVENTORY -------- Ion Engine Ion Engine Light Ion Engine Aluminum Leg Aluminum Leg Flight Unit Heat Sink Signal Interpreter ECM Suite EM Pulse Gun Pulse Rifle Light Assault Rifle Rocket Launcher Mining Claw [Rating: 16] Favorites ----------- Power Light Ion Engine Engine Light Ion Engine Propulsion Light Treads Treads Light Treads Leg Aluminum Leg Utility Large Storage Unit Device Sensor Array Storage Large Storage Unit Processor Visual Processing Unit Protection Light Armor Plating Weapon Pulse Rifle Energy Gun Pulse Rifle Ballistic Gun Assault Rifle Launcher Rocket Launcher Slashing Weapon Mining Claw Build | -11 -10 -10 -9 -9 ------- Run | Yrd Mat Min Mat Min Slots Evolved 2 | . . . 2 . Power . | . . . . . Propulsion 1 | . . . 1 . Utility 1 | . . . 1 . Weapon . | . . . . . Parts Attached 35 | 8 4 . 15 8 Power 6 | 1 . . 4 1 Engine 6 | 1 . . 4 1 Core . | . . . . . Reactor . | . . . . . Propulsion 8 | 2 2 . 4 . Treads 3 | . 2 . 1 . Leg 5 | 2 . . 3 . Wheel . | . . . . . Hover . | . . . . . Flight . | . . . . . Utility 10 | 1 2 . 4 3 Device 6 | . 1 . 3 2 Storage 2 | 1 1 . . . Processor 1 | . . . . 1 Hackware . | . . . . . Protection 1 | . . . 1 . Artifact . | . . . . . Weapon 11 | 4 . . 3 4 Energy Gun 5 | 1 . . 3 1 Energy Cannon . | . . . . . Ballistic Gun 4 | 3 . . . 1 Ballistic Cannon . | . . . . . Launcher 1 | . . . . 1 Special Weapon . | . . . . . Impact Weapon . | . . . . . Slashing Weapon 1 | . . . . 1 Piercing Weapon . | . . . . . Special Melee Weapon . | . . . . . Unidentified Prototypes 1 | . . . 1 . Parts Lost 11 | . . . 6 5 Power 2 | . . . 1 1 Propulsion 4 | . . . 3 1 Utility 3 | . . . 1 2 Weapon 2 | . . . 1 1 Highest Loss Streak 6 | . . . 6 3 To Critical Strikes . | . . . . . Average Slot Usage (%) 95 | . 95 100 92 95 Engine 10 | . 14 14 9 10 Treads 18 | . 16 28 20 11 Leg 11 | . 11 . 10 18 Device 12 | . 10 14 11 15 Storage 11 | . 14 14 11 11 Processor 1 | . . . . 5 Protection 3 | . . . 7 . Energy Gun 10 | . . . 16 11 Ballistic Gun 11 | . 28 28 5 5 Peak Build Rating 16 | 6 8 8 16 16 Average Rating 11 | 4 6 8 12 13 On Entrance 7 | . 6 8 8 15 Naked Turns . | . . . . . Heaviest Build 35 | 11 27 27 35 33 Greatest Support 40 | 20 40 40 40 20 Greatest Overweight (x) 2 | 2 1 . 2 2 Average Overweight (x) . | . . . . 1 Largest Inventory Capacity 15 | 8 15 15 15 15 Average Capacity 14 | 7 12 15 15 15 Most Carried 15 | 6 10 11 15 15 Average Carried 13 | 3 8 10 14 14 Final Capacity 15 | 8 15 15 15 15 Final Carried 15 | 6 10 11 15 15 Class Distribution -------------------- 75% | Mutant 24% | Scavenger-Mutant Dominant Class ---------------- Mutant | -10/Materials Mutant | -10/Mines Mutant | -9/Materials Scavenger-Mutant | -9/Mines Resources | -11 -10 -10 -9 -9 ----------- Run | Yrd Mat Min Mat Min Matter Collected 680 | 216 37 95 215 117 Remotely . | . . . . . Salvage Created 981 | . 56 . 848 77 Parts 50 | . 6 . 39 5 Haulers Intercepted . | . . . . . Recyclers Shooed . | . . . . . Parts Field Recycled . | . . . . . Retrieved Matter . | . . . . . Parts Self-Destructed . | . . . . . Prevented . | . . . . . Kills | -11 -10 -10 -9 -9 ------- Run | Yrd Mat Min Mat Min Combat Hostiles Destroyed 33 | . 3 . 22 8 Melee 1 | . . . . 1 Guns 28 | . 3 . 20 5 AOE 2 | . . . . 2 Classes Destroyed 9 | . 1 . 7 1 Worker 1 | . . . 1 . Mechanic 1 | . . . 1 . Operator 1 | . . . 1 . Watcher 1 | . . . 1 . Swarmer 10 | . 3 . 5 2 Grunt 12 | . . . 11 1 Duelist 1 | . . . 1 . Sentry 5 | . . . 5 . Assembled 5 | . . . . 5 Best Kill Streak 10 | . 2 . 10 2 Combat Bots Only 8 | . 2 . 8 2 Max Kills in Single Turn 2 | . 1 . 2 1 Gunslinging 1 | . . . 1 . Exploded 1 | . . . . 1 Melee 1 | . . . . 1 Uniques/NPCs Destroyed . | . . . . . Combat | -11 -10 -10 -9 -9 -------- Run | Yrd Mat Min Mat Min Hostile Shots Fired 178 | . 19 . 126 33 Missed 49 | . 5 . 32 12 Damage Taken 1640 | . 106 . 1201 333 Core 467 | . 56 . 334 77 Absorbed by Shields . | . . . . . Core Remaining (%) 88 | 100 . 77 . . Volleys Fired 87 | . 7 . 64 16 Largest 2 | . 2 . 2 2 Hottest 126 | . 40 . 126 103 Shots Fired 166 | . 14 . 126 26 Gun 162 | . 14 . 126 22 Cannon . | . . . . . Launcher 4 | . . . . 4 Special . | . . . . . Kinetic 46 | . 14 . 25 7 Thermal 114 | . . . 101 13 Explosive 4 | . . . . 4 Electromagnetic 2 | . . . . 2 Robot Hit Streak 22 | . 3 . 22 9 Robot Miss Streak 2 | . 1 . 2 2 Penetration Max . | . . . . . Secondary Targets 5 | . . . 4 1 Max Gunslinging Chain 1 | . . . 1 1 Shots Hit Robots 126 | . 7 . 100 19 Core Hits 50 | . 4 . 36 10 Critical Kills . | . . . . . Critical Parts Destroyed 1 | . 1 . . . Critical Strikes 6 | . 1 . 5 . Burn 5 | . . . 5 . Destroy 1 | . 1 . . . Melee Attacks 3 | . . . . 3 Impact . | . . . . . Slashing 3 | . . . . 3 Piercing . | . . . . . Sneak Attacks . | . . . . . Combat Hostiles . | . . . . . Follow-up Attacks . | . . . . . Damage Inflicted 2060 | . 71 . 1543 446 Guns 1838 | . 71 . 1543 224 Cannons . | . . . . . Explosions 135 | . . . . 135 Melee 87 | . . . . 87 Ramming . | . . . . . Kinetic 358 | . 71 . 263 24 Thermal 1452 | . . . 1280 172 Explosive 135 | . . . . 135 Electromagnetic 28 | . . . . 28 Impact . | . . . . . Slashing 87 | . . . . 87 Piercing . | . . . . . Highest Corruption 5 | . . . . 5 Average Corruption 4 | . . . . 4 Corruption Purged . | . . . . . Corruption Blocked . | . . . . . Effects 4 | . . . . 4 Matter Fused 2 | . . . . 2 Energy Discharges 1 | . . . . 1 Misfires 1 | . . . . 1 Overload Shots . | . . . . . Overflow Damage 9 | . . . . 9 Projectiles . | . . . . . Explosions 9 | . . . . 9 Melee . | . . . . . Knockbacks . | . . . . . Impact . | . . . . . Kinetic . | . . . . . Secondary . | . . . . . Self-Inflicted Damage . | . . . . . Shots . | . . . . . Rammed . | . . . . . Targets Rammed . | . . . . . Kicked . | . . . . . Crushed . | . . . . . Highest Temperature 406 | . . . 406 32 Average Temperature 111 | . . . 120 14 Received Heat Transfer 549 | . . . 501 48 Effects 5 | . . . 5 . Shutdowns 2 | . . . 2 . Interference 3 | . . . 3 . Siege Activations . | . . . . . Robots Corrupted . | . . . . . Combat Hostiles . | . . . . . Parts Fried . | . . . . . Impact Corruptions . | . . . . . Robots Melted 2 | . . . 2 . Combat Hostiles 2 | . . . 2 . Parts Melted 9 | . . . 9 . Heat Transferred 3737 | . . . 3367 370 Parts Sabotaged . | . . . . . Parts Stolen . | . . . . . Parts Stripped . | . . . . . Power Chain Reactions . | . . . . . Alert | -11 -10 -10 -9 -9 ------- Run | Yrd Mat Min Mat Min Peak Influence 297 | . 128 49 297 146 Initial 101 | . . 49 . 101 Average 81 | . 96 46 103 67 Maximum Alert Level 1 | . . . 1 . Low Security (%) 94 | 100 100 100 86 100 Level 1 5 | . . . 13 . Level 2 . | . . . . . Level 3 . | . . . . . Level 4 . | . . . . . Level 5 . | . . . . . High Security . | . . . . . Max Security . | . . . . . Squads Dispatched 2 | . . . 2 . Investigation . | . . . . . Extermination . | . . . . . Reinforcement 2 | . . . 2 . Assault . | . . . . . Garrison . | . . . . . Intercept . | . . . . . Searches Triggered . | . . . . . Construction Impeded . | . . . . . Haulers Reinforced . | . . . . . Active Scanning Responses . | . . . . . Cargo Convoy Interrupts . | . . . . . Stealth | -11 -10 -10 -9 -9 --------- Run | Yrd Mat Min Mat Min Distress Signals 6 | . . . 6 . Communications Jammed . | . . . . . Distress Signals . | . . . . . Times Spotted 62 | . 8 . 34 20 Peak Tracking Total 7 | . 3 . 7 6 Tactical Retreats 5 | . 1 . 1 3 Traps | -11 -10 -10 -9 -9 ------- Run | Yrd Mat Min Mat Min Traps Triggered . | . . . . . Indirectly . | . . . . . Trap Hack Attempts . | . . . . . Triggered . | . . . . . Disarmed . | . . . . . Reprogrammed . | . . . . . Reused . | . . . . . Traps Extracted . | . . . . . Installed . | . . . . . Triggered . | . . . . . Machines | -11 -10 -10 -9 -9 ---------- Run | Yrd Mat Min Mat Min Machines Disabled . | . . . . . Max in Single Turn . | . . . . . Machines Repaired . | . . . . . Machines Dismantled . | . . . . . Machines Sabotaged . | . . . . . Overloaded Fab Kills . | . . . . . Hacking | -11 -10 -10 -9 -9 --------- Run | Yrd Mat Min Mat Min Machines Accessed 8 | . 3 . 5 . Terminals 7 | . 2 . 5 . Fabricators . | . . . . . Repair Stations . | . . . . . Recycling Units 1 | . 1 . . . Scanalyzers . | . . . . . Garrison Access . | . . . . . Total Hacks 21 | . 6 . 15 . Successful 12 | . 3 . 9 . Failed 9 | . 3 . 6 . Catastrophic 2 | . 2 . . . Database Lockouts . | . . . . . Manual 14 | . 6 . 8 . Terminals 19 | . 4 . 15 . Fabricators . | . . . . . Repair Stations . | . . . . . Recycling Units 2 | . 2 . . . Scanalyzers . | . . . . . Garrison Access . | . . . . . Terminal Hacks 4 | . . . 4 . Robot Analysis 3 | . . . 3 . Prototype ID Bank 1 | . . . 1 . Fabricator Hacks . | . . . . . Repair Station Hacks . | . . . . . Recycling Unit Hacks . | . . . . . Scanalyzer . | . . . . . Garrison Access Hacks . | . . . . . Unauthorized Hacks 8 | . 3 . 5 . Terminals 7 | . 2 . 5 . Botnet 7 | . 2 . 5 . Fabricators . | . . . . . Repair Stations . | . . . . . Recycling Units 1 | . 1 . . . Reject 1 | . 1 . . . Scanalyzers . | . . . . . Garrison Access . | . . . . . Data Cores Recovered . | . . . . . Used . | . . . . . Hacking Detections 7 | . 2 . 5 . Full Trace Events . | . . . . . Feedback Events . | . . . . . Feedback Blocked . | . . . . . Robot Schematics Acquired . | . . . . . Robots Built . | . . . . . Authchips . | . . . . . Time . | . . . . . Total Robot Build Rating . | . . . . . Part Schematics Acquired . | . . . . . Parts Built . | . . . . . Authchips . | . . . . . Time . | . . . . . Total Part Build Rating . | . . . . . Parts Repaired . | . . . . . Time . | . . . . . Parts Recycled . | . . . . . Recycled Matter . | . . . . . Retrieved Matter . | . . . . . Retrieved Components . | . . . . . Parts Scanalyzed . | . . . . . Part Schematics Acquired . | . . . . . Parts Damaged . | . . . . . Bothacking | -11 -10 -10 -9 -9 ------------ Run | Yrd Mat Min Mat Min Used RIF Installer . | . . . . . Robots Hacked . | . . . . . Non-combat . | . . . . . Combat . | . . . . . Robot Hacks Applied . | . . . . . Relay Couplers Released . | . . . . . Fabnet Peak Effective % . | . . . . . Robots Rewired . | . . . . . Allies Hacked . | . . . . . Hacks Repelled . | . . . . . Allies | -11 -10 -10 -9 -9 -------- Run | Yrd Mat Min Mat Min Total Allies 1 | . . 1 . . Largest Group 1 | . . 1 . . Highest-Rated Group 31 | . . 31 . . Highest-Rated Ally 31 | . . 31 . . Total Orders . | . . . . . Ally Attacks . | . . . . . Total Damage . | . . . . . Kills . | . . . . . Allies Corrupted . | . . . . . Allies Melted . | . . . . . Intel | -11 -10 -10 -9 -9 ------- Run | Yrd Mat Min Mat Min Robot Analysis Total 3 | . . . 3 . Derelict Logs Recovered 4 | . . 3 . 1 Drone Launches . | . . . . . Drone Recoveries . | . . . . . Exploration | -11 -10 -10 -9 -9 ------------- Run | Yrd Mat Min Mat Min Turns Passed 3031 | 80 330 422 1353 846 Spaces Moved 1404 | 54 189 263 539 359 Core 7 | 7 . . . . Treads 823 | . 108 263 438 14 Legs 574 | 47 81 . 101 345 Wheels . | . . . . . Hover . | . . . . . Flight . | . . . . . Fastest Speed 50 | 50 120 160 160 190 Average Speed 180 | 118 149 160 188 208 Slowest Speed 260 | 150 190 160 260 260 Overloaded Moves . | . . . . . Propulsion Burnouts . | . . . . . Robots Hopped . | . . . . . Cave-ins Triggered . | . . . . . Exploration Rate (%) 38 | 5 34 50 49 55 Regions Visited 4 Branch Regions 2 Pre-discovered Areas 2 | . . 2 . . Known Exits Taken . | . . . . . Unknown Exits Taken 4 | 1 1 1 1 . Scrap Searched 4 | . . 1 . 3 Spaces Dug 5 | . . . . 5 Terrain Destroyed 27 | . . . . 27 Melee . | . . . . . Projectile . | . . . . . AOE 27 | . . . . 27 Terrain Rammed . | . . . . . Walls Destroyed . | . . . . . Machines Disabled . | . . . . . Actions | -11 -10 -10 -9 -9 --------- Run | Yrd Mat Min Mat Min Total 1733 | 66 222 264 753 428 Wait 160 | . 18 1 110 31 Move 1400 | 53 188 262 538 359 Hop . | . . . . . Pick Up 33 | 5 4 1 16 7 Fast Attach 12 | 6 1 . 4 1 Attach 9 | . . . 6 3 Detach . | . . . . . Swap 14 | 2 3 . 5 4 Drop 15 | . 1 . 10 4 Fire 87 | . 7 . 64 16 Melee 3 | . . . . 3 Ram . | . . . . . Kick . | . . . . . Crush . | . . . . . Escape Stasis . | . . . . . Rewire . | . . . . . Trap . | . . . . . Miscellaneous . | . . . . . Route ------- -11/Scrapyard -10/Materials (discovered 2 exits: *Mat / [*Min]) -10/Mines -9/Materials (discovered 3 exits: *Mat x2 / [*Min]) -9/Mines (discovered 1 exit: *Mat) History --------- Turn | Location | Event 6 | -11/Scrapyard | Discovered new exit (range 15) 81 | -11/Scrapyard | Entered Materials 301 | -10/Materials | Build established: Mutant 376 | -10/Materials | Discovered new exit (range 14) 384 | -10/Materials | Discovered new exit (range 11) 411 | -10/Materials | Entered Mines 509 | -10/Mines | Learned 2 Materials zone layouts 566 | -10/Mines | Received a Mining Laser from a helpful Derelict 814 | -10/Mines | Learned location of Storage (-8) 819 | -10/Mines | Discovered new exit (range 8) 833 | -10/Mines | Entered Materials 833 | -9/Materials | Evolved 2 slots: Propulsion x1, Utility x1 834 | -9/Materials | Identified exit to Materials 1341 | -9/Materials | Discovered new exit (range 16) 1766 | -9/Materials | Discovered exit to Materials (range 4) 1951 | -9/Materials | Core integrity fell below 50% 2026 | -9/Materials | Lost 6 parts (1p3n1u1w) 2040 | -9/Materials | Destroyed 8 combat bots 2070 | -9/Materials | Core integrity fell below 20% 2186 | -9/Materials | Entered Mines 2220 | -9/Mines | Assembled infested the area 2225 | -9/Mines | Assisted by a Guerilla fighting off Assembled 2549 | -9/Mines | Build established: Scavenger-Mutant 2754 | -9/Mines | Discovered exit to Materials (range 11) 2821 | -9/Mines | Lost 3 parts (1n2u) 2890 | -9/Mines | Learned Materials security intel 3032 | -9/Mines | Destroyed by G-47 Trooper with Particle Gun Last Messages --------------- 02836_ K-01 Serf collects debris. 02872_ System corrupted: Energy discharge (-50). 02874_ K-01 Serf collects debris. 02890_ Acquired derelict log, extracted data. Data stored: Materials security intel. 02893_ System corrupted: FCS attempts to trigger Pulse Rifle. 02893_ System corrupted: Pulse Rifle misfires. 02916_ Searching scrap... 02916_ Found Med. Laser. 02916_ Found Propulsion Shielding. 02916_ Found 64 Matter. 02916_ Found Spread Laser. 02916_ Found 43 Matter. 02963_ System corrupted: Matter fused (-5). 02996_ Searching scrap... 02996_ Found Spread Laser. 02996_ Found 68 Matter. 02997_ Acquired 5 matter. 03026_ G-34 Mercenary destroyed. Map ----- +----------------------------------------------------+ | | | | | | | | | | | | | | | | | | | | | | | | | | | | | | | | | | | | | | | ????????????????????????????????????????????? | | ?????????????????############???????????????? | | ?????????????????###############????????????? | | ?????????????????## #####????????????? | | ?????????????????## = ####??????????? | | ????????????????###gg#### ###?????????? | | ?????????########## @#### ? ##?????????? | | ?????????######### % ###???? ##?????????? | | ???????? #### [ ##?????? ###?????????? | | ??????"" """ #### ###????? ###?????????? | | ???? """ """ ##### ###??????????????????? | | ???? """ """ ###### ##??????????????????? | | ??## *!* ##?#### ##??????????????????? | | ??## """%""" ####### ###??????????????????? | | ??## """!""" ###### ####??????????????????? | | ??## """=""" ####???????????????????? | | ??## ####????????????????????? | | ??## ##### ####?????????????????????? | | ??######## ##########??????????????????????? | | ??######## ###?#####???????????????????????? | | ??### [###?????????????????????????????? | | ??## *% ###????????????????????????????? | | ??## ####?????????????#####?????????? | | ??### ####??????????? ####?????????? | | ??#### ##########? ?????????? | | ???#### ######## ???????????? | | ????### % [###! =%*???????????????? | | ?????## " = [%% ### ?? ##??????????????? | | ?????## "%" %% ### ### ##??????????????? | | ?????### " = #### ###??????????????? | | ?????#### #### ############???????????? | +----------------------------------------------------+ Best States ------------- Heat Dissipation 38 Energy Generation 10 Energy Capacity 250 Matter Stores 300 Matter Capacity 300 Sight Range 18 Robot Scan Range 14 Terrain Scan Density 10 Armor Coverage 150 Evasion (%) 55 Recoil Reduction 2 Item Schematics ----------------- None Robot Schematics ------------------ None Fabricated ------------ Nothing Alien Tech Used ----------------- None Achievements -------------- None Challenges ------------ None Game ------ Seed MultinovaFocalRail Manual? 0 Play Time 00:25:45 Cumulative 44.9 hours Start 2025.01.08 @ 22:13:23 End 2025.01.08 @ 23:39:11 Sessions 3 Manual Loads 0 Difficulty Rogue Special Mode None Game No. 49 Rogue 49 Adventurer 0 Explorer 0 Win Type - Total 0 Types 0/0/0/0/0/0/0/0/0 Lore% 26 Gallery% 37 Achievement% 36 Wizard Run 0 Options --------- Layout 1 ASCII 0 Keyboard 0 Movement Numpad Keybinds 0 Fullscreen 1 Font 24/Smallcaps Map View 50x35 Zoom Use 0% Tactical HUD 1 Map Filters NONE Filters NONE Steam 1 RUN: de2cb0f6-a38a-4139-95b0-f3d9f2fc12c7